[Event "Titled Tuesday Blitz May 03 Late 2022"]
[White "Svane, Rasmus"]
[Black "Deac, Bogdan-Daniel"]
[WhiteFideId "4657101"]
[BlackFideId "1226380"]
[WhiteElo "2645"]
[BlackElo "2648"]
[Result "0-1"]
[Round "05"]
[TimeControl "180+1"]
[Date "2022.05.03"]
[WhiteClock "0:00:02"]
[BlackClock "0:00:05"]

1. Nf3 d5 2. g3 Nf6 3. Bg2 e6 4. O-O Be7 5. c4 O-O 6. b3 b6 7. d4 Bb7 8. Nc3 c5 9. Ne5 Nbd7 10. cxd5 Nxe5 11. dxe5 Nxd5 12. Ne4 Qc7 13. Bb2 Rad8 14. Qc1 Kh8 15. a3 b5 16. Rd1 Nb6 17. Qc2 c4 18. Bd4 Bd5 19. b4 Qc6 20. Bf3 Nd7 21. h4 Qc7 22. Qc3 Nb8 23. Nd6 Bxf3 24. exf3 a6 25. Bc5 Kg8 26. Rd2 Nd7 27. Bd4 Qc6 28. Rad1 Bxd6 29. exd6 f6 30. f4 Rfe8 31. Qe3 e5 32. fxe5 Nxe5 33. Bxe5 Rxe5 34. Qa7 Rd7 35. Qd4 Kf7 36. a4 Qe4 37. Qb6 c3 38. Rd5 Rxd5 39. Rc1 Rd3 40. axb5 R7xd6 41. Qc7+ Rd7 42. Qc5 Rd1+ 43. Kh2 Qh1# 0-1


[Site "https://www.chess.com"]

[Event "Titled Tuesday Blitz May 03 Late 2022"]
[White "Tanenbaum, Zachary"]
[Black "Pinheiro, Iung Alicio de O."]
[WhiteFideId "2060850"]
[BlackFideId "2104350"]
[WhiteElo "2168"]
[BlackElo "2524"]
[Result "1-0"]
[Round "05"]
[TimeControl "180+1"]
[Date "2022.05.03"]
[WhiteClock "0:00:31"]
[BlackClock "0:00:33"]

1. e4 b6 2. d4 Bb7 3. Bd3 Nc6 4. Nf3 Nb4 5. O-O e6 6. Re1 Nxd3 7. Qxd3 Nf6 8. e5 Nd5 9. a3 d6 10. c4 Ne7 11. Nc3 dxe5 12. Nxe5 Ng6 13. d5 Nxe5 14. Rxe5 Bd6 15. Re1 Qh4 16. h3 O-O-O 17. Ne4 h6 18. Nxd6+ Rxd6 19. Qc2 exd5 20. c5 Rf6 21. cxb6 axb6 22. Re7 Rc6 23. Qf5+ Kb8 24. Rxf7 Re8 25. Bf4 d4 26. Qd7 Re2 27. Bxc7+ Ka8 28. Bg3 1-0


[Site "https://www.chess.com"]

[Event "Titled Tuesday Blitz May 03 Late 2022"]
[White "Thybo, Jesper Sondergaard"]
[Black "Reprintsev, Alexander"]
[WhiteFideId "1438832"]
[BlackFideId "14100541"]
[WhiteElo "2316"]
[BlackElo "2108"]
[Result "0-1"]
[Round "05"]
[TimeControl "180+1"]
[Date "2022.05.03"]
[WhiteClock "0:00:05"]
[BlackClock "0:00:22"]

1. d4 d5 2. Bf4 Nf6 3. e3 c5 4. Nf3 Qb6 5. Nc3 Bd7 6. a4 e6 7. Nb5 Na6 8. Be2 Be7 9. O-O O-O 10. h3 Rfc8 11. c3 Ne8 12. Ne5 Bc6 13. Bd3 Nf6 14. Bg5 Qd8 15. Nxc6 bxc6 16. Nd6 Qxd6 17. Bxa6 Rcb8 18. Bf4 Qd7 19. Bxb8 Rxb8 20. Rb1 c4 21. b4 Ne4 22. Qc2 f5 23. b5 c5 24. f3 Ng3 25. Rfe1 Qc7 26. Qa2 Nh5 27. a5 Qg3 28. Qf2 Qc7 29. Rb2 Bd6 30. f4 Nf6 31. Reb1 Qxa5 32. Ra2 Qb6 33. Qc2 Ne4 34. Kh1 h6 35. Qc1 Kh7 36. Qc2 g5 37. fxg5 hxg5 38. Qd1 Kg6 39. Rc2 Rh8 40. Qf3 g4 41. Qd1 gxh3 42. gxh3 Rxh3+ 43. Kg2 Rg3+ 44. Kf1 Rxe3 45. Rg2+ Ng3+ 46. Kf2 f4 47. Qg4+ Kf6 48. Qh4+ Kf7 49. Qh7+ Kf6 50. Qh6+ Kf7 51. Qh7+ Ke8 52. Qg8+ Kd7 53. Qc8+ Ke7 54. Rxg3 Rxg3 55. Rh1 Rg7 56. Rh8 Kf6 57. Rh6+ Kg5 58. Qh8 cxd4 59. Qxg7+ Kf5 60. Qf6+ Ke4 61. Qxe6+ Kd3 62. Qxd6 dxc3+ 63. Qxb6 axb6 64. Rh3+ Kd2 65. Rh1 c2 66. Bb7 d4 67. Be4 c1=Q 68. Rxc1 Kxc1 69. Kf3 d3 70. Kxf4 d2 71. Bf3 d1=Q 72. Bxd1 Kxd1 73. Ke3 c3 74. Kd4 c2 75. Kd5 c1=Q 76. Kd6 Qc5+ 0-1


[Site "https://www.chess.com"]

[Event "Titled Tuesday Blitz May 03 Late 2022"]
[White "Toncheva, Nadya"]
[Black "Trost, Edvin"]
[WhiteFideId "2924056"]
[BlackFideId "1729519"]
[WhiteElo "1884"]
[BlackElo "2160"]
[Result "0-1"]
[Round "05"]
[TimeControl "180+1"]
[Date "2022.05.03"]
[WhiteClock "0:00:01"]
[BlackClock "0:01:38"]

1. e4 e5 2. Nf3 d6 3. Bc4 Be7 4. d4 exd4 5. Nxd4 Nf6 6. Nc3 O-O 7. O-O Re8 8. h3 Bf8 9. Re1 c6 10. a4 Nbd7 11. f4 d5 12. exd5 Rxe1+ 13. Qxe1 Nb6 14. Bd3 Nbxd5 15. Nf3 Bc5+ 16. Kh1 Be6 17. Ne4 Nxe4 18. Bxe4 Nf6 19. Bd3 Bd5 20. Ne5 Nd7 21. Be3 Nxe5 22. fxe5 Qd7 23. Kh2 Bxe3 24. Qxe3 Re8 25. c4 Be6 26. Qxa7 Qxd3 27. Qxb7 Qxc4 28. a5 Qf4+ 29. Kh1 Bd5 30. Qd7 Rf8 31. Qg4 Qxe5 32. a6 Qxb2 33. Qd1 Qc3 34. a7 Qxh3+ 35. Kg1 Qxg2# 0-1


[Site "https://www.chess.com"]

[Event "Titled Tuesday Blitz May 03 Late 2022"]
[White "Turutin, Alexander"]
[Black "Piliczewski, Bogusz"]
[WhiteFideId "4180623"]
[BlackFideId "1104144"]
[WhiteElo "2402"]
[BlackElo "1896"]
[Result "1-0"]
[Round "05"]
[TimeControl "180+1"]
[Date "2022.05.03"]
[WhiteClock "0:00:44"]
[BlackClock "0:00:07"]

1. e4 c6 2. d4 d5 3. Nc3 dxe4 4. Nxe4 Bf5 5. Ng3 Bg6 6. Nh3 h6 7. Nf4 Bh7 8. Bc4 e6 9. O-O Nf6 10. Re1 Bd6 11. Bxe6 g5 12. Bb3+ Kf8 13. Nfh5 Bxg3 14. fxg3 Nxh5 15. Qxh5 Bg6 16. Qg4 f5 17. Qd1 Kg7 18. d5 Re8 19. Bd2 cxd5 20. Bc3+ Kh7 21. Qd4 Qd7 22. Rxe8 Bxe8 23. Qh8+ Kg6 24. Qg8+ Kh5 25. h3 Bf7 26. g4+ fxg4 27. hxg4+ Kxg4 28. Qf8 Nc6 29. Qxa8 d4 30. Bd2 Bxb3 31. axb3 h5 32. Qf8 Qd5 33. Rf1 Qe5 34. Qc8+ 1-0


[Site "https://www.chess.com"]

[Event "Titled Tuesday Blitz May 03 Late 2022"]
[White "Urbina Perez, Juan Antonio"]
[Black "Vlassov, Nikolai"]
[WhiteFideId "2217368"]
[BlackFideId "4103360"]
[WhiteElo "2192"]
[BlackElo "2407"]
[Result "0-1"]
[Round "05"]
[TimeControl "180+1"]
[Date "2022.05.03"]
[WhiteClock "0:01:00"]
[BlackClock "0:01:39"]

1. e4 Nc6 2. Nf3 d5 3. exd5 Qxd5 4. Nc3 Qa5 5. Bc4 Bg4 6. d3 O-O-O 7. h3 Bh5 8. g4 Bg6 9. Bd2 e5 10. Qe2 Nf6 11. O-O-O Bb4 12. Nh4 Nd4 13. Qe3 b5 14. Nxg6 fxg6 15. Bb3 Rhe8 16. Kb1 Qb6 17. Ne4 Bxd2 18. Rxd2 a5 19. c3 Nxb3 20. axb3 Qxe3 0-1


[Site "https://www.chess.com"]

[Event "Titled Tuesday Blitz May 03 Late 2022"]
[White "Vasquez Schroeder, Rodrigo"]
[Black "Herrera Reyes, Jose Antonio"]
[WhiteFideId "3400042"]
[BlackFideId "2274914"]
[WhiteElo "2561"]
[BlackElo "2361"]
[Result "1-0"]
[Round "05"]
[TimeControl "180+1"]
[Date "2022.05.03"]
[WhiteClock "0:01:08"]
[BlackClock "0:00:18"]

1. e4 c5 2. Nf3 e6 3. d4 cxd4 4. Nxd4 a6 5. Bd3 Bc5 6. Nb3 Ba7 7. Qe2 Nc6 8. Be3 d6 9. O-O e5 10. Bxa7 Rxa7 11. c4 Nge7 12. Qe3 Ng6 13. g3 h5 14. Nc3 h4 15. Rfd1 Bg4 16. Be2 Be6 17. Rd2 hxg3 18. fxg3 b6 19. Rad1 Rd7 20. Nd5 Bxd5 21. cxd5 Nce7 22. Bxa6 Kf8 23. Bb5 Ra7 24. a4 Kg8 25. Rf1 Qc8 26. Rdf2 Qh3 27. Re1 f5 28. Bf1 Qh5 29. exf5 Nxf5 30. Qf3 Qxf3 31. Rxf3 Nge7 32. Bb5 g6 33. Nd2 Kg7 34. Ne4 Nxd5 35. Rf2 Nd4 36. Nxd6 Re7 37. Bc4 Nf6 38. Ref1 Ng4 39. Rf7+ Rxf7 40. Rxf7+ Kh6 41. Re7 Nf3+ 42. Kg2 Nfxh2 43. Nf7+ Kg7 44. Nxh8+ Kxh8 45. Be2 1-0


[Site "https://www.chess.com"]

[Event "Titled Tuesday Blitz May 03 Late 2022"]
[White "Vega Gutierrez, Sabrina"]
[Black "Gomez Dieguez, David"]
[WhiteFideId "2219026"]
[BlackFideId "22223630"]
[WhiteElo "2286"]
[BlackElo "2115"]
[Result "1-0"]
[Round "05"]
[TimeControl "180+1"]
[Date "2022.05.03"]
[WhiteClock "0:00:28"]
[BlackClock "0:00:25"]

1. e4 c6 2. d4 d5 3. e5 c5 4. dxc5 e6 5. a3 Bxc5 6. b4 Be7 7. Nf3 Nd7 8. Bd3 a5 9. b5 f6 10. Bb2 Nh6 11. O-O Nf7 12. exf6 Bxf6 13. Bxf6 Qxf6 14. Nbd2 e5 15. c4 dxc4 16. Bxc4 O-O 17. Ne4 Qe7 18. Nfg5 Nf6 19. Nxf6+ Qxf6 20. Qh5 Qg6 21. Qxg6 hxg6 22. Rae1 e4 23. Rxe4 Bf5 24. Re7 Rac8 25. Bxf7+ Kh8 26. Bd5 Rc5 27. Rd1 Rxb5 28. h3 Bc2 29. Rd2 Rb1+ 30. Kh2 Rd1 31. Rxd1 Bxd1 32. Rxb7 Be2 33. Bf7 Ba6 34. Re7 Bb5 35. Re4 Rxf7 36. Nxf7+ Kg8 37. Ng5 Bc6 38. Re5 Kf8 39. Rxa5 Ke7 40. Ra7+ Kf6 41. h4 Bd5 42. g4 Ke5 43. Kg3 Kd4 44. f4 Ke3 45. Rxg7 1-0


[Site "https://www.chess.com"]

[Event "Titled Tuesday Blitz May 03 Late 2022"]
[White "Vujic, Mihailo"]
[Black "Gurevich, Dmitry"]
[WhiteFideId "918873"]
[BlackFideId "2000407"]
[WhiteElo "2256"]
[BlackElo "2506"]
[Result "1-0"]
[Round "05"]
[TimeControl "180+1"]
[Date "2022.05.03"]
[WhiteClock "0:00:04"]
[BlackClock "0:00:21"]

1. e4 c5 2. c3 d5 3. exd5 Qxd5 4. d4 g6 5. Nf3 Bg7 6. Na3 Nf6 7. Bc4 Qe4+ 8. Be3 O-O 9. dxc5 Ng4 10. Qe2 Nxe3 11. Qxe3 Qxe3+ 12. fxe3 Nd7 13. O-O Nxc5 14. Ng5 e6 15. Nc2 Bh6 16. Nf3 b6 17. Rad1 Bb7 18. Be2 Be4 19. Nfe1 Na4 20. Rd4 Bc6 21. Nd3 Rad8 22. Rd1 Rxd4 23. exd4 Be4 24. Nce1 Be3+ 25. Kf1 Rc8 26. Bf3 Bxf3 27. Nxf3 Bh6 28. Ke2 Kf8 29. Nfe5 Ke8 30. Rf1 Rc7 31. Ng4 Bg7 32. Nf6+ Ke7 33. Nxh7 f6 34. g4 g5 35. h4 gxh4 36. g5 fxg5 37. Nxg5 Bf6 38. Ne4 Bg7 39. Rh1 Bf6 40. Nxf6 Kxf6 41. Rxh4 Rg7 42. Rf4+ Ke7 43. Ke3 Rg2 44. Rf2 Rg3+ 45. Rf3 Rg2 46. Rf2 Rg3+ 47. Ke4 Rg4+ 48. Rf4 Rg2 49. Rh4 Kd6 50. Rh7 a5 51. Ne5 Nc5+ 52. dxc5+ Kxc5 53. Nd3+ Kb5 54. Re7 Re2+ 55. Kd4 a4 56. c4+ Ka6 57. Nb4+ 1-0


[Site "https://www.chess.com"]

[Event "Titled Tuesday Blitz May 03 Late 2022"]
[White "Vusatiuk, Vladimir"]
[Black "Papasimakopoulos, Alexandros"]
[WhiteFideId "14118610"]
[BlackFideId "4244125"]
[WhiteElo "2157"]
[BlackElo "2340"]
[Result "0-1"]
[Round "05"]
[TimeControl "180+1"]
[Date "2022.05.03"]
[WhiteClock "0:00:07"]
[BlackClock "0:00:14"]

1. d4 e6 2. c4 Nf6 3. Nc3 Bb4 4. e3 O-O 5. Bd2 b6 6. Nf3 Bb7 7. Bd3 Bxc3 8. Bxc3 Ne4 9. Bxe4 Bxe4 10. d5 f6 11. Nd2 Bd3 12. Qg4 Bf5 13. Qf3 Na6 14. O-O Nc5 15. e4 Bg6 16. b4 Na4 17. Bd4 e5 18. Be3 f5 19. Qd1 Nc3 20. Qb3 Ne2+ 21. Kh1 f4 22. Qd3 Bh5 23. Nf3 Bxf3 24. gxf3 fxe3 25. fxe3 Nf4 26. exf4 Rxf4 27. Rg1 d6 28. Rg3 Qh4 29. Rag1 g6 30. c5 Raf8 31. cxd6 cxd6 32. a4 a5 33. bxa5 bxa5 34. Qc3 Qh5 35. Kg2 Rh4 36. h3 Rhf4 37. Rf1 Rxe4 38. Qxa5 Re2+ 39. Rf2 Rxf2+ 40. Kxf2 e4 41. Qc3 Qxd5 42. Kg2 Qa2+ 43. Kg1 exf3 44. Rxf3 Qxa4 45. Rxf8+ Kxf8 46. Qh8+ Ke7 47. Qxh7+ Kf6 48. Qh8+ Kf5 49. Qf8+ Ke5 50. Qg7+ Kf4 51. Qf6+ Ke3 52. Qe6+ Qe4 53. Qxd6 Kf3 54. Qd1+ Kg3 55. Qb3+ Qf3 56. Qxf3+ Kxf3 57. Kh2 g5 58. Kg1 Kg3 59. h4 Kxh4 60. Kg2 Kg4 61. Kg1 Kg3 62. Kh1 Kf2 63. Kh2 g4 64. Kh1 Kg3 65. Kg1 Kh3 66. Kh1 g3 67. Kg1 g2 68. Kf2 Kh2 69. Kf3 g1=Q 0-1


[Site "https://www.chess.com"]

[Event "Titled Tuesday Blitz May 03 Late 2022"]
[White "Wachinger, Guenther"]
[Black "Sanchez Alvares, Kelvin Antonio"]
[WhiteFideId "4604261"]
[BlackFideId "3906680"]
[WhiteElo "2212"]
[BlackElo "2193"]
[Result "0-1"]
[Round "05"]
[TimeControl "180+1"]
[Date "2022.05.03"]
[WhiteClock "0:00:04"]
[BlackClock "0:01:55"]

1. e4 c5 2. Nf3 d6 3. d4 cxd4 4. Nxd4 Nf6 5. Nc3 g6 6. Be3 Bg7 7. f3 O-O 8. Qd2 Nc6 9. O-O-O Nxd4 10. Bxd4 Be6 11. Kb1 Qc7 12. g4 Rfc8 13. h4 Qa5 14. g5 Nh5 15. Nd5 Qxd2 16. Nxe7+ Kf8 17. Bxg7+ Nxg7 18. Nxg6+ hxg6 19. Rxd2 Ke7 20. f4 Rh8 21. Bd3 d5 22. exd5 Bxd5 23. Re1+ Be6 24. Bb5 Rad8 25. Rxd8 Kxd8 26. b3 Rxh4 27. Re4 Nh5 28. Rd4+ Kc7 29. Bd3 0-1


[Site "https://www.chess.com"]

[Event "Titled Tuesday Blitz May 03 Late 2022"]
[White "Yuan, Qingyu"]
[Black "Martinez Reyes, Pedro Ramon"]
[WhiteFideId "8609772"]
[BlackFideId "3901807"]
[WhiteElo "2359"]
[BlackElo "2410"]
[Result "1-0"]
[Round "05"]
[TimeControl "180+1"]
[Date "2022.05.03"]
[WhiteClock "0:00:19"]
[BlackClock "0:00:10"]

1. e4 e6 2. d4 d5 3. e5 c5 4. c3 Qb6 5. Nf3 Bd7 6. Bd3 cxd4 7. O-O Bb5 8. Bxb5+ Qxb5 9. Nxd4 Qb6 10. Qe2 Nc6 11. Nxc6 bxc6 12. b3 Ne7 13. Nd2 Nf5 14. Nf3 Be7 15. g4 Nh4 16. Nxh4 Bxh4 17. g5 h6 18. Qh5 O-O-O 19. Qxh4 hxg5 20. Qxg5 Rh6 21. Kh1 Rdh8 22. Bf4 g6 23. Qe7 R6h7 24. Rad1 c5 25. Qd6 Qxd6 26. exd6 f6 27. Bg3 Kd7 28. c4 d4 29. b4 cxb4 30. Rxd4 e5 31. Rd5 Rc8 32. c5 Ke6 33. Rfd1 Rd7 34. Kg2 a5 35. f4 e4 36. Bf2 f5 37. Re5+ Kf6 38. Bd4 Kf7 39. Rc1 Rc6 40. Rb1 Rb7 41. Rd5 Ke6 42. Re5+ Kf7 43. h4 a4 44. h5 b3 45. hxg6+ Kxg6 46. axb3 axb3 47. Re7 Rb4 48. Rg7+ Kh6 49. Rh1# 1-0


[Site "https://www.chess.com"]

[Event "Titled Tuesday Blitz May 03 Late 2022"]
[White "Yurovskykh, Oleksandr"]
[Black "Avalos Parra, Joao"]
[WhiteFideId "14134020"]
[BlackFideId "3402541"]
[WhiteElo "2292"]
[BlackElo "2173"]
[Result "0-1"]
[Round "05"]
[TimeControl "180+1"]
[Date "2022.05.03"]
[WhiteClock "0:00:05"]
[BlackClock "0:00:55"]

1. d4 d5 2. c4 e6 3. cxd5 exd5 4. Nc3 a6 5. Nf3 Nf6 6. Bg5 Be7 7. e3 Nbd7 8. Qc2 O-O 9. Bd3 h6 10. Bh4 c6 11. O-O Re8 12. Rab1 Ne4 13. Bxe7 Qxe7 14. b4 Ndf6 15. a4 Nxc3 16. Qxc3 Ne4 17. Qc2 Qd6 18. b5 axb5 19. axb5 Be6 20. bxc6 bxc6 21. Bxe4 dxe4 22. Ne5 Bd5 23. Rfc1 Ra2 24. Qc5 Qf6 25. Rc2 Rea8 26. g3 h5 27. Rbc1 Rxc2 28. Qxc2 Ra2 29. Qc5 Qxf2+ 30. Kh1 Qg2# 0-1


[Site "https://www.chess.com"]

[Event "Titled Tuesday Blitz May 03 Late 2022"]
[White "Zhigalko, Sergei"]
[Black "Goltsev, Dmitry"]
[WhiteFideId "13502956"]
[BlackFideId "24176710"]
[WhiteElo "2662"]
[BlackElo "2273"]
[Result "1-0"]
[Round "05"]
[TimeControl "180+1"]
[Date "2022.05.03"]
[WhiteClock "0:00:03"]
[BlackClock "0:00:05"]

1. e4 e6 2. d4 d5 3. e5 c5 4. c3 Nc6 5. Nf3 Nge7 6. Na3 Nf5 7. Nc2 cxd4 8. cxd4 h5 9. Bd3 Be7 10. h4 g6 11. g3 Bd7 12. O-O Qb6 13. Rb1 a5 14. Bxf5 exf5 15. Bg5 Be6 16. Bxe7 Kxe7 17. Qd2 Rhc8 18. Ne3 Qb4 19. Qd3 a4 20. Rfc1 Na5 21. Rc3 Rc6 22. Rxc6 bxc6 23. a3 Qb5 24. Qd2 Rb8 25. Ng5 Rb6 26. Qc3 Nb3 27. Rd1 Qa5 28. Qc2 c5 29. dxc5 Qxc5 30. Qxc5+ Nxc5 31. Nxd5+ Bxd5 32. Rxd5 Ne6 33. Rd2 Nxg5 34. hxg5 Ke6 35. f4 Rb3 36. Kf2 Ke7 37. Rc2 Ke6 38. Kg2 Ke7 39. Kh3 Ke6 40. Rc6+ Ke7 41. Rc7+ Ke6 42. Rc6+ Ke7 43. Rc4 Rxb2 44. Rxa4 Ra2 45. Ra7+ Ke6 46. Ra6+ Ke7 47. Ra7+ Ke6 48. a4 Ra3 49. Ra6+ Ke7 50. Ra7+ Ke6 51. a5 Ra2 52. Ra6+ Ke7 53. Ra8 Ke6 54. a6 Ke7 55. a7 Ra3 56. e6 h4 57. Kxh4 Ra1 58. Kh3 Ra2 59. g4 fxg4+ 60. Kxg4 Ra5 61. Kg3 Ra3+ 62. Kg4 Ra1 63. exf7 Kxf7 64. Rh8 Rg1+ 65. Kf3 Rf1+ 66. Kg2 1-0


[Site "https://www.chess.com"]

[Event "Titled Tuesday Blitz May 03 Late 2022"]
[White "Zhou, Qiyu"]
[Black "Richter, Nils"]
[WhiteFideId "505161"]
[BlackFideId "12990809"]
[WhiteElo "1925"]
[BlackElo "2243"]
[Result "0-1"]
[Round "05"]
[TimeControl "180+1"]
[Date "2022.05.03"]
[WhiteClock "0:00:24"]
[BlackClock "0:01:50"]

1. e4 e6 2. d4 d5 3. Nc3 Nf6 4. e5 Nfd7 5. f4 c5 6. Nf3 Nc6 7. Be3 a6 8. Qd2 b5 9. dxc5 Bxc5 10. O-O-O Qb6 11. Bxc5 Nxc5 12. Nd4 Bb7 13. Kb1 b4 14. Nce2 Ne4 15. Qe3 O-O 16. g4 Nxd4 17. Qxd4 Qxd4 18. Rxd4 a5 19. Rg1 Ba6 20. Ng3 Bxf1 21. Rxf1 Nxg3 22. hxg3 Rfc8 23. g5 h5 24. gxh6 gxh6 25. g4 Rc7 26. f5 Rac8 27. Rf2 Rc4 28. Rdf4 Rxf4 29. Rxf4 Rc4 30. Rxc4 dxc4 31. Kc1 f6 32. fxe6 fxe5 33. Kd2 Kf8 34. a3 Ke7 35. axb4 axb4 36. b3 cxb3 37. cxb3 Kxe6 38. Kd3 Kd5 39. Ke3 e4 40. Kf4 Kd4 41. Kf5 e3 42. Kg6 e2 43. Kxh6 e1=Q 44. g5 0-1


[Site "https://www.chess.com"]

[Event "Titled Tuesday Blitz May 03 Late 2022"]
[White "Zivkovic, Nemanja"]
[Black "Wagner, Dennis"]
[WhiteFideId "942154"]
[BlackFideId "24650684"]
[WhiteElo "2525"]
[BlackElo "2747"]
[Result "0-1"]
[Round "05"]
[TimeControl "180+1"]
[Date "2022.05.03"]
[WhiteClock "0:00:44"]
[BlackClock "0:00:09"]

1. e4 c5 2. Nf3 d6 3. Bb5+ Nd7 4. c3 a6 5. Ba4 Nf6 6. Qe2 e6 7. O-O b5 8. Bc2 Bb7 9. d4 Be7 10. Re1 Qc7 11. Bd3 O-O 12. Nbd2 Rfc8 13. a3 e5 14. d5 c4 15. Bc2 Nc5 16. Nf1 Rcb8 17. Ng3 Bc8 18. h3 g6 19. Be3 Bf8 20. Nd2 Bg7 21. Rf1 Nfd7 22. f4 exf4 23. Bxf4 Ne5 24. Nf3 Ncd3 25. Bxd3 Nxd3 26. Be3 Bd7 27. Bd4 Re8 28. b4 Re7 29. Qe3 Bxd4 30. Nxd4 Rae8 31. Rf6 Kg7 32. Raf1 Ne5 33. Qg5 Qa7 34. Kh2 Qc7 35. Ngf5+ Bxf5 36. Nxf5+ Kh8 37. Nxe7 Qxe7 38. Qh4 Nd7 39. R6f4 g5 40. Rxf7 gxh4 0-1


[Site "https://www.chess.com"]

[Event "Titled Tuesday Blitz May 03 Late 2022"]
[White "Zlatin, Alexander"]
[Black "Mekhane, Adam"]
[WhiteFideId "2810549"]
[BlackFideId "36050601"]
[WhiteElo "2228"]
[BlackElo "2002"]
[Result "0-1"]
[Round "05"]
[TimeControl "180+1"]
[Date "2022.05.03"]
[WhiteClock "0:00:05"]
[BlackClock "0:00:49"]

1. d4 Nf6 2. Nc3 d5 3. Bf4 g6 4. e3 Bg7 5. h4 h5 6. Nf3 O-O 7. Be2 c5 8. O-O Nc6 9. Ne5 Bf5 10. Bf3 cxd4 11. exd4 Nb4 12. Rc1 Rc8 13. a3 Nc6 14. Nxc6 bxc6 15. Re1 Qd7 16. Qe2 Rfe8 17. Na4 Ne4 18. c3 c5 19. Nxc5 Nxc5 20. dxc5 Rxc5 21. Rcd1 e5 22. Be3 d4 23. Bg5 e4 24. cxd4 Rcc8 25. Bxh5 gxh5 26. d5 Bg4 27. f3 exf3 28. Qf2 fxg2 29. d6 Bxd1 30. Rxd1 Re6 31. Bf4 Rg6 32. Re1 Re8 33. Rc1 Qh3 34. Bh2 Rxd6 35. Qf4 Bd4+ 36. Qxd4 Rxd4 37. Rc3 Rd1+ 38. Kf2 Qxh2 0-1


[Site "https://www.chess.com"]

[Event "Titled Tuesday Blitz May 03 Late 2022"]
[White "Aggelis, Nikolaos"]
[Black "Zherebtsova, Alexandra"]
[WhiteFideId "4213220"]
[BlackFideId "24129518"]
[WhiteElo "2154"]
[BlackElo "2025"]
[Result "1-0"]
[Round "06"]
[TimeControl "180+1"]
[Date "2022.05.03"]
[WhiteClock "0:00:37"]
[BlackClock "0:00:12"]

1. d4 d5 2. g3 g6 3. Nf3 Bg7 4. Bg2 Nf6 5. O-O O-O 6. c4 e6 7. b3 Nc6 8. Bb2 Qe7 9. Ne5 Nxe5 10. dxe5 Ng4 11. f4 Ne3 12. Qd4 Nxf1 13. Ba3 Qd7 14. Bxf8 Bxf8 15. Kxf1 dxc4 16. Qxd7 Bxd7 17. bxc4 Bb4 18. a3 Ba5 19. Ra2 Ba4 20. Nd2 Rd8 21. Ne4 Bb3 22. Rb2 Bxc4 23. Nf6+ Kg7 24. Bxb7 Bb6 25. a4 Rd1+ 26. Kg2 Rg1+ 27. Kh3 Ra1 28. Bc6 h6 29. Rd2 g5 30. Rd8 h5 31. Rg8+ Kh6 32. fxg5# 1-0


[Site "https://www.chess.com"]

[Event "Titled Tuesday Blitz May 03 Late 2022"]
[White "Al-Tarboush, Ward"]
[Black "Matinian, Nikita"]
[WhiteFideId "7601450"]
[BlackFideId "24129100"]
[WhiteElo "2276"]
[BlackElo "2422"]
[Result "0-1"]
[Round "06"]
[TimeControl "180+1"]
[Date "2022.05.03"]
[WhiteClock "0:00:32"]
[BlackClock "0:00:09"]

1. e4 c5 2. Nf3 d6 3. d4 cxd4 4. Nxd4 Nf6 5. Nc3 g6 6. Be2 Bg7 7. O-O O-O 8. Be3 Nc6 9. h3 Bd7 10. Qd2 Rc8 11. Rad1 a6 12. f4 Nxd4 13. Bxd4 Bc6 14. Bf3 b5 15. a3 Qc7 16. Qf2 Nd7 17. Bxg7 Kxg7 18. Rfe1 Qb6 19. Rd4 Nc5 20. Rd2 Rfd8 21. Kh2 Qb8 22. Qh4 f6 23. Rde2 e5 24. Bg4 Rc7 25. Rf2 exf4 26. Nd5 g5 27. Qh5 Be8 28. Nxf4 Bxh5 29. Nxh5+ Kh8 30. Rxf6 Rf8 31. Rh6 d5 32. e5 Re7 33. Nf6 Rxf6 34. Rxf6 Rxe5 35. Ref1 Rf5+ 36. Kh1 Rxf1+ 37. Rxf1 Ne4 38. Rf7 Qg3 39. Bf5 h5 40. Rh7+ Kg8 41. Rb7 Qe1+ 42. Kh2 h4 43. Be6+ Kf8 44. Bxd5 Ng3 45. Rf7+ Ke8 0-1


[Site "https://www.chess.com"]

[Event "Titled Tuesday Blitz May 03 Late 2022"]
[White "Avalos Parra, Joao"]
[Black "Prohorov, Olexandr"]
[WhiteFideId "3402541"]
[BlackFideId "14105578"]
[WhiteElo "2173"]
[BlackElo "1993"]
[Result "1-0"]
[Round "06"]
[TimeControl "180+1"]
[Date "2022.05.03"]
[WhiteClock "0:00:08"]
[BlackClock "0:00:03"]

1. d4 g6 2. c4 Bg7 3. Nc3 c5 4. d5 Bxc3+ 5. bxc3 f5 6. Nf3 d6 7. h4 Nf6 8. h5 Nxh5 9. Rxh5 gxh5 10. Qd3 O-O 11. Bh6 Rf7 12. Qe3 Nd7 13. Qg5+ Kh8 14. Qxh5 Qg8 15. e3 Nf6 16. Qh4 Qg4 17. Qh2 Bd7 18. Ng5 Rg7 19. Be2 Rxg5 20. Bxg4 Rxg4 21. Bf4 Rag8 22. g3 b6 23. O-O-O R4g6 24. Rh1 b5 25. Qg2 bxc4 26. Rh6 Rxh6 27. Bxh6 Rg6 28. Bf4 Kg8 29. Qf1 Bb5 30. Qd1 Kf7 31. a4 Be8 32. Qe2 Bxa4 33. Qxc4 Bd7 34. Qa2 a6 35. c4 Ne4 36. Qxa6 Nxf2 37. Qb7 Ke8 38. Qb8+ Kf7 39. Qh8 Ne4 40. Qxh7+ Rg7 41. Qh5+ Kg8 42. Qh4 Nf6 43. Bh6 Rg6 44. Bg5 Kf7 45. Bxf6 exf6 46. Qh7+ Rg7 47. Qh5+ Kf8 48. Kd2 Rg8 49. Qh6+ Kf7 50. Qf4 Ke7 51. Qh6 Kf7 52. Qh7+ Rg7 53. Qh5+ Ke7 54. Ke2 Rf7 55. Kf3 Rg7 56. Qh6 Kf7 57. Qf4 Ke7 58. Qh4 Kf7 59. e4 fxe4+ 60. Qxe4 Rg5 61. Qh7+ Rg7 62. Qh5+ Kf8 63. Kf4 Ke7 64. g4 Kf8 65. Qh6 Kf7 66. Qh8 Rxg4+ 67. Ke3 1-0


[Site "https://www.chess.com"]

[Event "Titled Tuesday Blitz May 03 Late 2022"]
[White "Baches Garcia, Guillermo"]
[Black "Fishbein, Alexander"]
[WhiteFideId "2209764"]
[BlackFideId "2000377"]
[WhiteElo "2496"]
[BlackElo "2442"]
[Result "1/2-1/2"]
[Round "06"]
[TimeControl "180+1"]
[Date "2022.05.03"]
[WhiteClock "0:00:15"]
[BlackClock "0:00:07"]

1. e4 c5 2. Nf3 d6 3. d4 cxd4 4. Nxd4 Nf6 5. Nc3 Nc6 6. Nd5 Nxd5 7. exd5 Qa5+ 8. Bd2 Qxd5 9. Nb5 Kd8 10. c4 Qe4+ 11. Be3 g6 12. Nc3 Qe5 13. Be2 Bg7 14. O-O Bd7 15. Bf3 Qa5 16. Nd5 Be6 17. b4 Qa3 18. Rb1 Qxa2 19. Bg5 f6 20. Be3 Qxc4 21. Rc1 Qb5 22. Nf4 Bd7 23. Bd5 g5 24. Ne6+ Bxe6 25. Bxe6 Qe5 26. Qb3 f5 27. Rfe1 Qf6 28. b5 Ne5 29. Bd4 f4 30. Bd5 e6 31. Bxe5 dxe5 32. Bxb7 Rb8 33. Bc6 Ke7 34. Rcd1 Rhd8 35. Qa3+ Kf7 36. Qxa7+ Kg6 37. Rxd8 Rxd8 38. Be4+ Kh6 39. b6 Qf8 40. b7 Rb8 41. Rc1 Qd6 42. h3 Bf8 43. Qxb8 Qxb8 44. Rc8 Bd6 45. Rxb8 Bxb8 46. Kf1 Kg7 47. Ke2 Kf6 48. Kd3 h5 49. Kc4 Ke7 50. Kb5 Kd6 51. Kc4 Ke7 52. Kc5 Kd7 53. Kb5 Kc7 54. Kc5 Ba7+ 55. Kc4 Bb8 56. f3 Kd6 57. Kb5 Kc7 58. Ka6 Kd8 59. Kb6 Kd7 60. Bc6+ Kd6 61. Be4 Kd7 62. Bc6+ Kd6 63. Be8 Ke7 64. Bxh5 Kd6 65. Bg4 Kd7 66. Bh5 Kd6 67. Be8 Ke7 68. Bb5 Kd6 69. Bd3 Kd7 70. Be4 Kd6 71. Kb5 Kc7 72. Kc4 Kd6 73. Kd3 Ba7 74. Ke2 Ke7 75. Kd3 Kd6 76. Kc4 Bb8 77. Bg6 Ba7 78. Kb5 Bb8 79. Kb6 Kd7 80. Be4 Kd6 81. Kb5 Ba7 82. Kc4 Bb8 1/2-1/2


[Site "https://www.chess.com"]

[Event "Titled Tuesday Blitz May 03 Late 2022"]
[White "Bernal Moro, Luis Javier"]
[Black "Kate1606"]
[WhiteFideId "2200236"]
[WhiteElo "2373"]
[BlackElo "2136"]
[Result "1-0"]
[Round "06"]
[TimeControl "180+1"]
[Date "2022.05.03"]
[WhiteClock "0:00:42"]
[BlackClock "0:00:01"]

1. c4 e5 2. Nc3 Nf6 3. Nf3 Nc6 4. e3 Bb4 5. Qc2 O-O 6. Nd5 Nxd5 7. cxd5 Ne7 8. Nxe5 Nxd5 9. Qb3 c6 10. Bc4 Bd6 11. d4 Nb6 12. Nxf7 Qf6 13. Nxd6+ Nxc4 14. Qxc4+ Kh8 15. Ne4 Qg6 16. Ng3 d5 17. Qe2 Bg4 18. f3 Bd7 19. O-O Rae8 20. Bd2 h5 21. Qf2 h4 22. Ne2 h3 23. Nf4 Qg5 24. g4 c5 25. Nxh3 Qg6 26. Nf4 Qh6 27. Bc3 cxd4 28. Bxd4 b6 29. Rae1 Bb5 30. Qg3 Bxf1 31. Rxf1 Qg5 32. h4 Qd8 33. Nh5 Rf7 34. Rc1 Kg8 35. Rc6 Kh7 36. Kg2 g6 37. Nf4 1-0


[Site "https://www.chess.com"]